 Dungeon Crawl Stone Soup version 0.31.0-2-g5a2aebc5c2 (webtiles) character file.

Game seed: 16214121352942517993

531 Aviak the Gusty (level 7, -4/51 HPs)
             Began as a Gnoll Air Elementalist on Jan 20, 2024.
             Was an Initiate of Vehumet.
             Slain by Valeaz's ghost (6 damage)
             ... on level 3 of the Dungeon.
             The game lasted 00:05:37 (3620 turns).

Aviak the Gusty (Gnoll Air Elementalist)            Turns: 3620, Time: 00:05:38

Health: -4/51      AC:  4    Str:  4    XL:     7   Next: 24%
Magic:  2/15       EV: 14    Int: 16    God:    Vehumet [......]
Gold:   161        SH:  0    Dex: 13    Spells: 11/17 levels left

rFire   . . .        l - +1 falchion of the World {heavy, rPois rN++ rCorr Str-3}
rCold   . . .        (no shield)
rNeg    + + .        a - +0 robe
rPois   +            h - +0 helmet
rElec   .            (no cloak)
rCorr   +            (no gloves)
SInv    .            i - +0 pair of boots
Will    +....        (no amulet)
Stlth   +++          (no ring)
HPRegen 0.28/turn    (no ring)
MPRegen 0.14/turn

%: no passive effects
@: enlightened, flying
A: fangs 1, strong nose, distributed training
a: Renounce Religion


You were on level 3 of the Dungeon.
You worshipped Vehumet.
Vehumet was noncommittal.
You visited 1 branch of the dungeon, and saw 3 of its levels.

You collected 161 gold pieces.

Inventory:

Hand Weapons
 e - a +0 dagger
 j - a +0 spear
 l - the +1 falchion of the World (weapon) {heavy, rPois rN++ rCorr Str-3}
   (You found it on level 2 of the Dungeon)

   Str-3:     It affects your strength (-3).
   rPois:     It protects you from poison rN++: It greatly protects you from
   negative energy.
   rCorr:     It protects you from acid and corrosion.
Missiles
 d - 11 boomerangs
 k - a throwing net {!f}
Armour
 a - a +0 robe (worn)
 h - a +0 helmet (worn)
 i - a +0 pair of boots (worn)
Wands
 s - a wand of flame (27)
Scrolls
 c - a scroll of silence {unknown}
 m - a scroll of poison {unknown}
 n - a scroll of vulnerability {unknown}
 o - a scroll of enchant armour {unknown}
 q - a scroll of revelation {unknown}
Potions
 b - a potion of magic
 f - 2 potions of enlightenment
 g - 3 potions of attraction {unknown}
 p - 2 potions of curing {unknown}
 r - a potion of invisibility {unknown}


   Skills:
 + Level 2.4 Fighting
 + Level 2.4 Short Blades
 + Level 2.4 Long Blades
 + Level 2.4 Axes
 + Level 2.4 Maces & Flails
 + Level 2.4 Polearms
 + Level 2.4 Staves
 + Level 2.4 Ranged Weapons
 + Level 2.4 Throwing
 + Level 2.4 Armour
 + Level 5.2 Dodging
 + Level 4.9 Stealth
 + Level 2.4 Shields
 + Level 2.4 Unarmed Combat
 + Level 5.6 Spellcasting
 + Level 3.0 Conjurations
 + Level 2.0 Hexes
 + Level 2.0 Summonings
 + Level 2.0 Necromancy
 + Level 2.0 Translocations
 + Level 2.0 Fire Magic
 + Level 2.0 Ice Magic
 + Level 5.8 Air Magic
 + Level 2.0 Earth Magic
 + Level 2.0 Alchemy
 + Level 2.7 Invocations
 + Level 2.4 Evocations
 + Level 2.2 Shapeshifting


You had 11 spell levels left.
You knew the following spells:

 Your Spells              Type           Power      Damage    Failure   Level
a - Shock                 Conj/Air       72%        1d7       2%          1
b - Static Discharge      Conj/Air       36%        3-5/arc   3%          2
c - Swiftness             Air            23%        N/A       3%          3

Your spell library contained the following spells:

 Spells                   Type           Power      Damage    Failure   Level
 Airstrike                Air            11%        2d(2-18)  13%         4
 Hailstorm                Conj/Ice       12%        3d6       16%         3
 Summon Ice Beast         Ice/Summ       11%        N/A       19%         3
 Sculpt Simulacrum        Ice/Alch       5%         N/A       100%        6


Dungeon Overview and Level Annotations

Branches:
Dungeon (3/15)

Altars:
Cheibriados
Dithmenos
Okawaru
Uskayaw
Vehumet

Annotations:
D:3 Valeaz's ghost, amateur GnAE


Innate Abilities, Weirdness & Mutations

You have very sharp teeth.
Your uncanny sense of smell can sniff out nearby items.
Your experience applies equally to all skills.


Message History

Valeaz's ghost is severely damaged.
You are struck by an arc of lightning.
* * * LOW HITPOINT WARNING * * *
The lightning grounds out.
Valeaz's ghost barely misses you.
Casting: Static Discharge (safe; 3% risk of failure)
Confirm with . or Enter, or press ? or * to list all spells.
Valeaz's ghost is struck by an arc of lightning.
Valeaz's ghost is almost destroyed.
You are struck by an arc of lightning.
* * * LOW HITPOINT WARNING * * *
The lightning grounds out.
Valeaz's ghost hits you.
* * * LOW HITPOINT WARNING * * *
You hit Valeaz's ghost.
Valeaz's ghost is almost destroyed.
Valeaz's ghost barely misses you. Valeaz's ghost hits you.
* * * LOW HITPOINT WARNING * * *
Unknown command.
You hit Valeaz's ghost.
Valeaz's ghost is almost destroyed.
Valeaz's ghost waves its arms in wide circles.
The air twists around and strikes you. Valeaz's ghost closely misses you.
Casting: Static Discharge (safe; 3% risk of failure)
Confirm with . or Enter, or press ? or * to list all spells.
Okay, then.
You hit Valeaz's ghost.
Valeaz's ghost is almost destroyed.
Valeaz's ghost misses you.
Valeaz's ghost hits you but does no damage.
You miss Valeaz's ghost.
Valeaz's ghost is almost destroyed.
Valeaz's ghost hits you!
* * * LOW HITPOINT WARNING * * *
Valeaz's ghost barely misses you.
You closely miss Valeaz's ghost. Your bite misses Valeaz's ghost.
Valeaz's ghost is almost destroyed.
Valeaz's ghost closely misses you.
You barely miss Valeaz's ghost.
Valeaz's ghost is almost destroyed.
Valeaz's ghost completely misses you. Valeaz's ghost hits you.
You die...

...# #.# #.#.##.#.#######.# ...#
#.# #.#.##.#.......... #### #.#
#.#.##.#########.# #.# #......#
##'# # #.### ###.#### ##... ##
##...# #.#### ##.... .## ##.##.#
#.##.## ##.....
..####...#.#######.#...####......
..'....†........@W........'......
..####...#.#######.....####......
.## #........# ###).## ##...(..
## #.###.##.# #########†.... #
###.###.##.#######~=~~~W'.#...
#.......##.##....########.##'#
#.#.######.##.###.##.##...##..
#.#........##.# #.##.##.####.. #
#.###########.# #..........#..


You could see Valeaz's ghost (swift).

Vanquished Creatures
  Sigmund (D:3)
  An ice beast (D:3)
  Jessica (D:3)
  Natasha (thrice) (D:3)
  A sleepcap (D:3)
  4 gnolls (D:2)
  4 adders
  2 ribbon worms (D:3)
  3 dart slugs
  3 orcs (D:3)
  8 ball pythons
  9 bats
  8 endoplasms
  A giant cockroach (D:1)
  6 goblins
  5 hobgoblins
  5 jackals
  2 frilled lizards
  8 kobolds
  6 rats
81 creatures vanquished.

Notes
Turn   | Place    | Note
-------+----------+-------------------------------------------
     0 | D:1      | Aviak the Gnoll Air Elementalist began the quest for the
                  | Orb.
     0 | D:1      | Reached XP level 1. HP: 13/13 MP: 6/6
   159 | D:1      | Reached XP level 2. HP: 19/19 MP: 5/7
   165 | D:1      | Learned a level 2 spell: Static Discharge
   692 | D:1      | Found a faded altar of an unknown god.
   712 | D:1      | Reached skill level 5 in Spellcasting
   712 | D:1      | Reached XP level 3. HP: 25/25 MP: 5/9
  1233 | D:2      | Reached skill level 1 in Invocations
  1367 | D:2      | Reached skill level 1 in Fighting
  1367 | D:2      | Reached skill level 1 in Short Blades
  1367 | D:2      | Reached skill level 1 in Long Blades
  1367 | D:2      | Reached skill level 1 in Axes
  1367 | D:2      | Reached skill level 1 in Maces & Flails
  1367 | D:2      | Reached skill level 1 in Polearms
  1367 | D:2      | Reached skill level 1 in Staves
  1367 | D:2      | Reached skill level 1 in Ranged Weapons
  1367 | D:2      | Reached skill level 1 in Throwing
  1367 | D:2      | Reached skill level 1 in Armour
  1367 | D:2      | Reached skill level 1 in Shields
  1367 | D:2      | Reached skill level 1 in Unarmed Combat
  1367 | D:2      | Reached skill level 1 in Evocations
  1445 | D:2      | Reached skill level 1 in Shapeshifting
  1445 | D:2      | Reached XP level 4. HP: 32/32 MP: 9/11
  1479 | D:2      | Reached skill level 1 in Hexes
  1479 | D:2      | Reached skill level 1 in Summonings
  1479 | D:2      | Reached skill level 1 in Necromancy
  1479 | D:2      | Reached skill level 1 in Translocations
  1479 | D:2      | Reached skill level 1 in Fire Magic
  1479 | D:2      | Reached skill level 1 in Ice Magic
  1479 | D:2      | Reached skill level 1 in Earth Magic
  1479 | D:2      | Reached skill level 1 in Alchemy
  1846 | D:2      | Identified the +1 falchion of the World {heavy, rPois rN++
                  | rCorr Str-3}
  1857 | D:2      | Learned a level 3 spell: Swiftness
  2107 | D:3      | Noticed an ice beast
  2213 | D:3      | Reached XP level 5. HP: 28/37 MP: 0/12
  2218 | D:3      | Killed an ice beast
  2219 | D:3      | Reached XP level 6. HP: 17/44 MP: 2/13
  2495 | D:3      | Found a runed translucent door.
  2500 | D:3      | Noticed Valeaz's ghost (amateur GnAE)
  2673 | D:3      | Noticed Natasha
  2678 | D:3      | Killed Natasha
  2679 | D:3      | Reached skill level 5 in Dodging
  2764 | D:3      | Noticed Jessica
  2771 | D:3      | Killed Jessica
  2862 | D:3      | Noticed Sigmund
  2871 | D:3      | Killed Sigmund
  2872 | D:3      | Reached XP level 7. HP: 33/51 MP: 4/15
  3226 | D:3      | Noticed Natasha
  3239 | D:3      | Killed Natasha
  3390 | D:3      | Found a snail-covered altar of Cheibriados.
  3390 | D:3      | Found a hide-covered altar of Uskayaw.
  3398 | D:3      | Found a radiant altar of Vehumet.
  3404 | D:3      | Found an iron altar of Okawaru.
  3405 | D:3      | Found a shadowy altar of Dithmenos.
  3411 | D:3      | Became a worshipper of Vehumet
  3520 | D:3      | Noticed Natasha
  3527 | D:3      | Killed Natasha
  3618 | D:3      | HP: 1/51 [Valeaz's ghost (9)]
  3620 | D:3      | Slain by Valeaz's ghost

Illustrated notes

Levels and vault maps discovered:
D:1:      elethiomel_arrival_quiet, layout_loops_ring,
          shapermc_ecumenical_altar_mp_urbaneastern
D:2:      layout_basic
D:3:      layout_loops_corners, chequers_temple_overflow_minitemple,
          ebering_ghost_sewer_d, st_stairs_6, minmay_joined_circles,
          uniq_sigmund, uniq_jessica, uniq_natasha

Skill      XL: |  1  2  3  4  5  6  7 |
---------------+----------------------+-----
Conjurations   | 2 3 |  3.0
Spellcasting   | 5 |  5.6
Invocations    | 1 2 |  2.7
Fighting       | 1 2 |  2.4
Short Blades   | 1 2 |  2.4
Long Blades    | 1 2 |  2.4
Axes           | 1 2 |  2.4
Maces & Flails | 1 2 |  2.4
Polearms       | 1 2 |  2.4
Staves         | 1 2 |  2.4
Ranged Weapons | 1 2 |  2.4
Throwing       | 1 2 |  2.4
Armour         | 1 2 |  2.4
Shields        | 1 2 |  2.4
Unarmed Combat | 1 2 |  2.4
Evocations     | 1 2 |  2.4
Shapeshifting  | 1 2 |  2.2
Hexes          | 1 2 |  2.0
Summonings     | 1 2 |  2.0
Necromancy     | 1 2 |  2.0
Translocations | 1 2 |  2.0
Fire Magic     | 1 2 |  2.0
Ice Magic      | 1 2 |  2.0
Earth Magic    | 1 2 |  2.0
Alchemy        | 1 2 |  2.0
Dodging        | 5 |  5.2
Stealth        | |  4.9
Air Magic      | |  5.8

Action                     |  1- 3 |  4- 6 |  7- 9 || total
---------------------------+-------+-------+-------++-------
  Melee: Spear             |       |    11 |       ||    11
         Falchion          |       |    37 |    12 ||    49
         Bite              |       |     2 |     1 ||     3
         Dagger            |       |     1 |       ||     1
   Cast: Shock             |    65 |     9 |    11 ||    85
         Static Discharge  |     1 |    25 |    19 ||    45
    Use: Potion            |       |       |     1 ||     1
   Stab: Sleeping          |       |     6 |       ||     6
 Armour: Robe              |     7 |    70 |    43 ||   120
  Dodge: Dodged            |     5 |    54 |    19 ||    78
